 Dungeon Crawl Stone Soup version 0.28.0-53-g5a82cb258f (webtiles) character file.

Game seed: 17723686809000906183

147 Sin92 the Skirmisher (level 5, -3/42 HPs)
             Began as a Demonspawn Fighter on July 28, 2022.
             Slain by Duvessa
             ... wielding a +0 short sword
              (11 damage)
             ... on level 4 of the Dungeon.
             The game lasted 00:02:24 (2222 turns).

Sin92 the Skirmisher (Demonspawn Fighter)           Turns: 2222, Time: 00:02:25

Health: -3/42      AC: 21    Str: 18    XL:     5   Next: 8%
Magic:  5/5        EV:  5    Int:  9    God:
Gold:   86         SH:  5    Dex: 13    Spells: 4/4 levels left

rFire   . . .      SeeInvis .   a - +0 war axe
rCold   . . .      Faith    .   c - +0 buckler
rNeg    . . .      Spirit   .   k - +1 plate armour
rPois   .          Reflect  .   (no helmet)
rElec   .          Harm     .   (no cloak)
rCorr   .          Rampage  .   (no gloves)
Will    .....                   (no boots)
Stlth   ..........              (no amulet)
HPRegen 0.14/turn               (no ring)
MPRegen 0.09/turn               (no ring)

@: sanguine armoured
A: hooves 2, sanguine armour 2
a: no special abilities


You were on level 4 of the Dungeon.
You visited 1 branch of the dungeon, and saw 4 of its levels.

You collected 86 gold pieces.

Inventory:

Hand Weapons
 a - a +0 war axe (weapon)
 m - a +0 whip of electrocution
Missiles
 f - 5 boomerangs of dispersal (quivered)
Armour
 b - a +0 scale mail
 c - a +0 buckler (worn)
 k - a +1 plate armour (worn)
Scrolls
 g - 3 scrolls of teleportation
Potions
 d - a potion of might
 e - 4 potions of lignification {unknown}
 h - a potion of invisibility {unknown}
 i - 2 potions of curing {unknown}
 j - a potion of cancellation {unknown}


   Skills:
 + Level 3.6 Fighting
 * Level 3.3 Axes
 + Level 3.3 Armour
 + Level 3.3 Shields


You had 4 spell levels left.
You didn't know any spells.
Your spell library contained the following spells:

 Spells                   Type           Power      Damage    Failure   Level
 Animate Skeleton         Necr           0%         N/A       100%        1
 Pain                     Necr           0%         1d4       100%        1
 Portal Projectile        Hex/Tloc       0%         N/A       100%        3
 Vampiric Draining        Necr           0%         2d6       100%        3
 Blade Hands              Tmut           0%         N/A       100%        5
 Excruciating Wounds      Necr           0%         N/A       100%        5


Dungeon Overview and Level Annotations

Branches:
Dungeon (4/15)
 Temple: D:4-7

Altars:

Annotations:
D:4 Duvessa


Innate Abilities, Weirdness & Mutations

You have hoof-like feet.
When seriously injured, your blood forms thick armour. (AC +9)


Message History

Duvessa hits you but does no damage. x2
You have reached level 5!
Your demonic ancestry asserts itself...
You feel your blood thicken.
Duvessa is nearby!
You hit Duvessa.
Duvessa is lightly wounded.
Duvessa hits you but does no damage. x2
Unknown command.
Duvessa is nearby!
You hit Duvessa but do no damage.
Duvessa is lightly wounded.
Duvessa hits you but does no damage. x2
Duvessa is nearby!
Unknown command.
You barely miss Duvessa.
Duvessa is lightly wounded.
You block Duvessa's attack. x2
Unknown command.
Duvessa is nearby!
You slash Duvessa! Your kick misses Duvessa.
Duvessa is moderately wounded.
Duvessa hits you but does no damage. Duvessa hits you with a +0 short sword!
Duvessa is nearby!
Unknown command.
You are too injured to fight recklessly!
You barely miss Duvessa. Your kick misses Duvessa.
Duvessa is moderately wounded.
You block Duvessa's attack. Duvessa hits you but does no damage.
You hit Duvessa. Your kick misses Duvessa.
Duvessa is moderately wounded.
Duvessa hits you but does no damage. Duvessa barely misses you.
You slash Duvessa!
Duvessa is heavily wounded.
Duvessa hits you with a +0 short sword. Duvessa hits you with a +0 short sword!
* * * LOW HITPOINT WARNING * * *
You hit Duvessa.
Duvessa is heavily wounded.
Duvessa hits you but does no damage. Duvessa hits you with a +0 short sword!
You die...

#.......# #.......#
#.......# #.......#
#.......# #.......#
#>..e)..# #...@...#
#...... #.......#
#..... #.?.....# #....
##...#######...
#.#......#...
#.#.........#
#...........#
.###...........#######
...................>..


You could see Duvessa (berserk, fast).

Vanquished Creatures
  Dowan (D:4)
  A hound (D:4)
  A worm (D:3)
  A dart slug (D:2)
  An orc (D:3)
  4 bats
  8 endoplasms
  4 giant cockroaches
  5 hobgoblins
  3 jackals (D:2)
  6 kobolds
  A quokka (D:1)
  7 ball pythons
  4 frilled lizards
  6 goblins
  8 rats
61 creatures vanquished.

Notes
Turn   | Place    | Note
-------+----------+-------------------------------------------
     0 | D:1      | Sin92 the Demonspawn Fighter began the quest for the Orb.
     0 | D:1      | Reached XP level 1. HP: 18/18 MP: 1/1
   244 | D:1      | Gained mutation: When seriously injured, your blood forms
                  | armour. (AC +9) [demonic ancestry]
   244 | D:1      | Reached XP level 2. HP: 24/24 MP: 2/2
   869 | D:2      | Gained mutation: You have large cloven feet. [demonic
                  | ancestry]
   869 | D:2      | Reached XP level 3. HP: 27/29 MP: 3/3
  2108 | D:3      | Gained mutation: You have hoof-like feet. [demonic
                  | ancestry]
  2108 | D:3      | Reached XP level 4. HP: 35/35 MP: 4/4
  2205 | D:4      | Noticed Dowan
  2206 | D:4      | Noticed Duvessa
  2214 | D:4      | Killed Dowan
  2215 | D:4      | Gained mutation: When seriously injured, your blood forms
                  | thick armour. (AC +9) [demonic ancestry]
  2215 | D:4      | Reached XP level 5. HP: 25/42 MP: 5/5
  2222 | D:4      | Slain by Duvessa

Illustrated notes

Levels and vault maps discovered:
D:1:      erik_arrival_cave_to_civilisation [erik_arrival_cave_to_hall],
          layout_rooms, amcnicky_mini_corridor_feature, glass_columns_c
D:2:      layout_basic, kennysheep_generic_room_16
D:3:      layout_rooms, corexii_corridor_pit
D:4:      layout_rooms, cheibrodos_sewer_entry_bend, uniq_duvessa

Skill      XL: |  1  2  3  4 |
---------------+-------------+-----
Axes           | 2 3 |  3.3
Armour         | 3 |  3.3
Shields        | 3 |  3.3
Fighting       | |  3.6

Action                   |  1- 3 |  4- 6 || total
-------------------------+-------+-------++-------
Melee: War axe           |   138 |    24 ||   162
       Kick              |    19 |     4 ||    23
  Use: Scroll            |     3 |       ||     3
Armor: Scale mail        |    43 |       ||    43
       Plate armour      |    19 |    27 ||    46
Dodge: Dodged            |    54 |     5 ||    59
Block: Buckler           |    19 |     7 ||    26
